 Dungeon Crawl Stone Soup version 0.18.1-8-gdd0e5ea (webtiles) character file.

544 Ordine the Thaumaturge (level 7, -10/36 HPs)
             Began as a Deep Elf Wizard on May 23, 2016.
             Was an Initiate of Vehumet.
             Mangled by a black bear (16 damage)
             ... on level 4 of the Dungeon.
             The game lasted 00:21:02 (4916 turns).

Ordine the Thaumaturge (Deep Elf Wizard)            Turns: 4916, Time: 00:21:02

Health: -10/36     AC:  4    Str: -2    XL:     7   Next: 6%
Magic:  7/20       EV: 12    Int: 25    God:    Vehumet [......]
Gold:   221        SH:  0    Dex: 13    Spells: 5 memorised, 11 levels left

rFire  . . .     SeeInvis .     f - +0 dagger
rCold  . . .     Gourm    .     a - +0 robe
rNeg   . . .     Faith    .     (no shield)
rPois  .         Spirit   .     b - +1 hat
rElec  .         Dismiss  .     g - +0 cloak
rCorr  .         Reflect  .     (no gloves)
SustAt +         Harm     +     (no boots)
MR     .....                    h - amulet of harm
Stlth  ++........               v - -6 ring of strength (curse)
                                p - ring of sustain attributes

@: slowed, lost strength, very slow, not resistant to hostile enchantments,
unstealthy
A: no striking features
a: Renounce Religion


You were on level 4 of the Dungeon.
You worshipped Vehumet.
Vehumet was noncommittal.
You were not hungry.

You visited 2 branches of the dungeon, and saw 5 of its levels.

You collected 221 gold pieces.

Inventory:

Hand Weapons
 f - a +0 dagger (weapon)
Armour
 a - a +0 robe (worn)
 b - a +1 hat (worn)
 g - a +0 cloak (worn)
Jewellery
 h - an amulet of harm (around neck)
 p - a ring of sustain attributes (left hand)
 q - a +1 ring of protection
 v - a cursed -6 ring of strength (right hand)
 y - an uncursed ring of resist corrosion
Wands
 o - a wand of random effects (48/48)
 s - a wand of random effects (19/48)
Scrolls
 t - a scroll of teleportation
Potions
 e - a potion of might
 j - a potion of cure mutation
 k - 2 potions of resistance
 m - a potion of ambrosia
 r - 2 potions of magic {unknown}
 u - a potion of agility {unknown}
 w - a potion of flight {unknown}
 x - a potion of haste {unknown}
Books
 c - a book of Minor Magic

   Spells                             Type                      Level
   a - Magic Dart                     Conjuration                  1
   b - Blink                          Translocation                2
   c - Call Imp                       Summoning                    2
   d - Repel Missiles                 Charms/Air                   2
   e - Slow                           Hexes                        2
   f - Conjure Flame                  Conjuration/Fire             3
   g - Mephitic Cloud                 Conjuration/Poison/Air       3
Comestibles
 d - 2 bread rations
 i - 5 meat rations
 l - 2 beef jerkies
 n - a royal jelly


   Skills:
 * Level 2.0 Short Blades
 - Level 2.4 Dodging
 - Level 2.4 Stealth
 + Level 8.4 Spellcasting
 + Level 4.1 Conjurations
   Level 1.1 Summonings
 - Level 1.1 Translocations
 + Level 1.8 Fire Magic
 + Level 1.3 Air Magic


You had 11 spell levels left.
You knew the following spells:

 Your Spells              Type           Power        Failure   Level  Hunger
a - Magic Dart            Conj           ####         1%          1    None
b - Blink                 Tloc           N/A          8%          2    None
c - Conjure Flame         Conj/Fire      ####....     6%          3    None
d - Mephitic Cloud        Conj/Pois/Air  ###.....     12%         3    None
e - Repel Missiles        Chrm/Air       ##....       10%         2    None


Dungeon Overview and Level Annotations

Branches:
Dungeon (4/15)             Temple (1/1) D:4

Altars:
Ashenzari
Cheibriados
Dithmenos
Elyvilon
Fedhas
Gozag
Kikubaaqudgha
Nemelex Xobeh
Okawaru
Qazlal
Ru
Sif Muna
Vehumet
Xom
Yredelemnul
The Shining One


Message History

Press: ? - help, Shift-Dir - straight line, f/p - black bear
Aim: a black bear (severely wounded)
The magic dart hits the black bear.
The black bear is severely wounded.
The black bear goes berserk!
The black bear barely misses you. The black bear claws you.
The black bear barely misses you.
Casting: Magic Dart
Confirm with . or Enter, or press ? or * to list all spells.
Aiming: Magic Dart
Press: ? - help, Shift-Dir - straight line, f/p - black bear
Aim: a black bear (severely wounded, berserk, fast, unusually strong)
The magic dart hits the black bear.
The black bear is almost dead.
The black bear bites you.
* * * LOW HITPOINT WARNING * * *
The black bear claws you.
* * * LOW HITPOINT WARNING * * *
The black bear claws you but does no damage.
The black bear bites you!
You die...

*########## *.........#
*.........# ####********
*.........# #..,,,,.....
*.......@.# #.######....
*.......h.####...........
*(!......ยง##.......#.....
*..........'.......#.....
*..........#.......#.....
*#####...#.#.......#.....
*,,,,+...#.####'#'##.....
*,***#...#.# #.#....#..#
*,,,..,,,..# #.######...


You could see a black bear (berserk).

Vanquished Creatures
  Sigmund (D:3)
  An ogre (D:4)
  A hound (D:3)
  Crazy Yiuf (D:3)
  2 orc wizards (D:3)
  6 adders
  3 gnolls (D:4)
  An ooze (D:3)
  2 worms
  3 dart slugs
  2 giant geckos
  8 orcs (D:3)
  8 giant cockroaches
  9 goblins
  6 hobgoblins
  2 quokkas
  A ball python (D:3)
  13 bats
  4 giant newts
  7 kobolds
  A quokka skeleton (D:4)
  9 rats
91 creatures vanquished.

Notes
Turn   | Place    | Note
--------------------------------------------------------------
     0 | D:1      | Ordine the Deep Elf Wizard began the quest for the Orb.
     0 | D:1      | Reached XP level 1. HP: 10/10 MP: 7/7
     3 | D:1      | Noticed an electric eel
     3 | D:1      | Noticed an electric eel
   234 | D:1      | Reached XP level 2. HP: 15/15 MP: 5/9
   238 | D:1      | Learned a level 2 spell: Blink
   270 | D:1      | Reached skill level 5 in Spellcasting
   916 | D:2      | Reached XP level 3. HP: 19/19 MP: 9/12
   961 | D:2      | Learned a level 3 spell: Conjure Flame
   965 | D:2      | Learned a level 3 spell: Mephitic Cloud
  1554 | D:2      | Reached skill level 6 in Spellcasting
  1580 | D:2      | Learned a level 2 spell: Repel Missiles
  1611 | D:2      | Reached XP level 4. HP: 20/24 MP: 9/14
  2287 | D:3      | Found a glowing golden altar of the Shining One.
  2337 | D:3      | Found a snail-covered altar of Cheibriados.
  2600 | D:3      | Found a deep blue altar of Sif Muna.
  3325 | D:3      | Noticed Sigmund
  3350 | D:3      | Killed Sigmund
  3350 | D:3      | Reached skill level 8 in Spellcasting
  3350 | D:3      | Reached XP level 5. HP: 21/28 MP: 0/17
  3350 | D:3      | Reached XP level 6. HP: 24/32 MP: 0/19
  3675 | D:3      | Noticed Crazy Yiuf
  3680 | D:3      | Killed Crazy Yiuf
  4040 | D:3      | Reached skill level 1 in Fire Magic
  4041 | D:3      | Reached skill level 1 in Short Blades
  4041 | D:3      | Reached skill level 1 in Air Magic
  4166 | D:4      | Found a staircase to the Ecumenical Temple.
  4174 | D:4      | Found a white marble altar of Elyvilon.
  4177 | Temple   | Entered the Ecumenical Temple
  4194 | Temple   | Became a worshipper of Vehumet
  4354 | D:4      | Lost strength.
  4674 | D:4      | Reached XP level 7. HP: 36/36 MP: 15/20
  4916 | D:4      | Mangled by a black bear

Skill      XL: |  1  2  3  4  5  6  7 |
---------------+----------------------+-----
Spellcasting   | 5 6 8 |  8.4
Conjurations   | 2 3 4 |  4.1
Fire Magic     | 1 |  1.8
Short Blades   | 1 2 |  2.0
Air Magic      | 1 |  1.3
Dodging        | |  2.4
Stealth        | |  2.4
Summonings     | |  1.1
Translocations | |  1.1

Action                   |  1- 3 |  4- 6 |  7- 9 || total
-------------------------+-------+-------+-------++-------
Melee: Dagger            |       |    29 |       ||    29
 Cast: Magic Dart        |    89 |   149 |    16 ||   254
       Mephitic Cloud    |       |     4 |     2 ||     6
       Conjure Flame     |       |     2 |     1 ||     3
       Blink             |       |     2 |     2 ||     4
Evoke: Wand              |       |     2 |       ||     2
  Use: Scroll            |     4 |     7 |     1 ||    12
  Eat: Chunk             |     2 |    10 |     1 ||    13
Armor: Robe              |       |    24 |     3 ||    27
Dodge: Dodged            |     7 |    39 |     8 ||    54
